 Dungeon Crawl Stone Soup version 0.21.1-1-g345015f (webtiles) character file.

68 troglodite the Skirmisher (level 4, -1/35 HPs)
             Began as a Demonspawn Berserker on June 4, 2018.
             Was a Believer of Trog.
             Slain by Sigmund
             ... wielding a +0 scythe of freezing
              (5 damage)
             ... on level 2 of the Dungeon.
             The game lasted 00:03:38 (1201 turns).

troglodite the Skirmisher (Demonspawn Berserker)    Turns: 1201, Time: 00:03:38

Health: -1/35      AC:  8    Str: 17    XL:     4   Next: 1%
Magic:  4/4        EV:  7    Int:  9    God:    Trog [**....]
Gold:   23         SH:  0    Dex: 13    Spells: 3/3 levels left

rFire    + . .     SeeInvis .   a - +0 falchion
rCold    . . .     Gourm    .   (no shield)
rNeg     . . .     Faith    .   g - +0 chain mail
rPois    .         Spirit   .   (no helmet)
rElec    .         Reflect  .   (no cloak)
rCorr    .         Harm     .   (no gloves)
MR       .....                  (no boots)
Stlth    ..........             (no amulet)
HPRegen  0.11/turn              (no ring)
MPRegen  0.09/turn              (no ring)

@: confused, berserk cooldown, slowed, very slow
A: large bone plates 2, fire resistance 1
a: Berserk, Trog's Hand, Burn Spellbooks, Renounce Religion


You were on level 2 of the Dungeon.
You worshipped Trog.
Trog was pleased with you.
You were hungry.

You visited 1 branch of the dungeon, and saw 2 of its levels.

You collected 23 gold pieces.

Inventory:

Hand Weapons
 a - a +0 falchion (weapon)
Missiles
 h - 9 sling bullets
Armour
 g - a +0 chain mail (worn)
Jewellery
 i - a cursed ring of teleportation {unknown}
Scrolls
 f - a scroll of remove curse {unknown}
Potions
 b - a potion of degeneration {unknown}
 d - a potion of ambrosia {unknown}
 e - a potion of heal wounds {unknown}
Comestibles
 c - a ration


   Skills:
 * Level 3.5 Fighting
 + Level 3.5 Long Blades
 * Level 2.1 Armour
 * Level 2.3 Dodging


You had 3 spell levels left.
You didn't know any spells.

Dungeon Overview and Level Annotations

Branches:
Dungeon (2/15)

Altars:

Annotations:
D:2 Sigmund


Innate Abilities, Weirdness & Mutations

You are mostly covered in large bone plates. (SH +6)
Your flesh is heat resistant. (rF+)


Message History

Sigmund is moderately wounded.
The bat closely misses you.
Sigmund hits you with a scythe of freezing.
Sigmund freezes you.
You're too confused to move!
The bat hits you but does no damage. The bat hits you.
You feel a strong urge to attack something.
You are no longer berserk.
You are exhausted.
You feel yourself slow down.
Sigmund hits you from afar with a scythe of freezing.
Sigmund freezes you. The bat hits you but does no damage.
The bat closely misses you.
Sigmund hits you from afar with a scythe of freezing.
Sigmund freezes you. The bat closely misses you.
The bat hits you but does no damage.
Sigmund hits you from afar with a scythe of freezing!
* * * LOW HITPOINT WARNING * * *
Sigmund freezes you.
You die...

.......... ......###
.......)# ### ....###.#
#.. .)..###.# #.#
..#...#.# #.# ....#.#.##
#.#
.#.##....#######.#######.
.#..............@b.......
.####.>>.##...@)<########
.# #.#.###.####)# .#
#.#.# #.# #.# .####.#.#
#.# #.#######
.......)###.####.......#
.........................
#####.#####.####.#####.##
#.# #.# #.#


You could see Sigmund and a bat.

Vanquished Creatures
  Jessica (D:2)
  An ooze (D:1)
  A worm (D:2)
  A dart slug (D:1)
  6 bats
  5 goblins (D:1)
  4 hobgoblins
  4 jackals (D:2)
  6 kobolds
  A frilled lizard (D:1)
  3 rats
33 creatures vanquished.

Notes
Turn   | Place    | Note
-------+----------+-------------------------------------------
     0 | D:1      | troglodite the Demonspawn Berserker began the quest for the Orb.
     0 | D:1      | Reached XP level 1. HP: 18/18 MP: 1/1
   229 | D:1      | Gained mutation: Your flesh is heat resistant. (rF+) [demonic ancestry]
   229 | D:1      | Reached XP level 2. HP: 23/24 MP: 2/2
   997 | D:2      | Noticed Jessica
   997 | D:2      | Gained mutation: You are partially covered in large bone plates. (SH +4) [demonic ancestry]
   997 | D:2      | Reached XP level 3. HP: 22/29 MP: 3/3
  1001 | D:2      | Reached ** piety under Trog
  1005 | D:2      | Killed Jessica
  1015 | D:2      | Noticed Sigmund
  1191 | D:2      | Gained mutation: You are mostly covered in large bone plates. (SH +6) [demonic ancestry]
  1191 | D:2      | Reached XP level 4. HP: 35/35 MP: 4/4
  1201 | D:2      | Slain by Sigmund

Skill      XL: |  1  2  3 |
---------------+----------+-----
Dodging        | 2 |  2.3
Long Blades    | 3 |  3.5
Armour         | 2 |  2.1
Fighting       | |  3.5

Action                   |  1- 3 |  4- 6 || total
-------------------------+-------+-------++-------
Melee: Falchion          |    71 |     4 ||    75
Invok: Berserk           |     2 |       ||     2
  Eat: Chunk             |     2 |       ||     2
Armor: Animal skin       |     3 |       ||     3
       Chain mail        |    70 |     5 ||    75
Dodge: Dodged            |    60 |     5 ||    65
Block: Other             |    13 |     2 ||    15
       Rpst.: Falchion   |    26 |     1 ||    27
